Map: [ESL] Oceanborn

Players

FoxeR

  • Race: Terran Terran
  • Spawn Location: 5:00

NightMare - Winner!

  • Race: Protoss Protoss
  • Spawn Location: 11:00

Event: ESL Spring 2024 Finals

VOD

Have the link to the VOD?

Description

Time

  • Played on: May 31, 2024, 5:39 p.m.
  • Length: 9:03

All games in this series

Show
View Real Time Build Order
Export as new Build Order

FoxeR Terran 

Build Orders: Reaper Expand 

Get SALT Encoding   

  12  0:00  SCV  
  13  0:12  SCV  
  14  0:17  Supply Depot  
  14  0:24  SCV  
  15  0:38  SCV  
  15  0:41  Barracks  
  16  0:44  Refinery  
  16  0:50  SCV  
  17  1:03  SCV  
  18  1:15  SCV  
  19  1:32  Orbital Command, Reaper  
  20  1:47  Command Center  
  20  1:58  SCV  
  20  2:00  Supply Depot  
  21  2:04  Marine  
  22  2:10  SCV  
  22  2:15  Factory  
  23  2:19  Refinery  
  23  2:22  Barracks Reactor  
  23  2:28  Bunker  
  23  2:31  SCV  
  24  2:43  SCV  
  24  2:55  SCV  
  23  3:01  Marine x2  
  23  3:02  Starport, Hellion  
  27  3:07  SCV  
  28  3:18  Marine  
  28  3:19  Marine  
  30  3:20  SCV  
  30  3:28  Widow Mine  
  30  3:32  SCV  
  30  3:36  Marine  
  30  3:37  Marine  
  31  3:42  Orbital Command  
  31  3:44  SCV, Medivac  
  33  3:54  Marine  
  34  3:57  Factory Tech Lab  
  34  4:01  SCV  
  34  4:02  Marine  
  35  4:08  Supply Depot, SCV  
  37  4:14  SCV  
  37  4:16  Siege Tank  
  41  4:20  SCV  
  41  4:21  Marine  
  41  4:26  SCV  
  41  4:29  Barracks  
  41  4:31  Starport Tech Lab  
  42  4:32  SCV  
  42  4:35  Supply Depot  
  42  4:36  Marine  
  42  4:38  SCV  
  45  4:42  Marine  
  45  4:44  SCV  
  47  4:50  SCV  
  47  4:51  Siege Tank  
  51  4:54  Raven  
  51  4:58  Engineering Bay  
  51  4:59  SCV  
  54  5:01  Marine  
  54  5:02  Marine  
  54  5:05  Refinery  
  56  5:07  SCV  
  56  5:11  Supply Depot  
  57  5:14  SCV  
  57  5:17  Marine  
  57  5:19  Marine  
  60  5:24  Barracks  
  60  5:26  SCV  
  61  5:32  SCV, Terran Infantry Weapons Level 1  
  61  5:34  Marine  
  63  5:38  SCV, Factory Reactor  
  63  5:42  Supply Depot  
  64  5:44  SCV, Marine, Refinery  
  64  5:46  Factory Reactor  
  64  5:47  Stimpack  
  66  5:50  SCV  
  66  5:53  Starport Reactor  
  66  5:54  Marine  
  66  5:56  SCV  
  69  6:02  SCV  
  68  6:05  Marine  
  68  6:06  Marine  
  68  6:08  SCV  
  70  6:14  Supply Depot  
  70  6:21  Marine  
  70  6:23  SCV  
  70  6:25  Starport Reactor  
  70  6:26  Supply Depot, SCV  
  70  6:36  SCV, Marine  
  70  6:39  SCV, Marine  
  76  6:40  Widow Mine  
  76  6:43  Combat Shield, Widow Mine  
  78  6:48  Supply Depot, SCV, Marauder x2  
  78  6:49  Supply Depot  
  83  6:55  SCV  
  83  6:59  Command Center  
  79  7:07  Marine  
  71  7:13  SCV, Marine  
  68  7:16  Marine x2  
  67  7:24  Marine  
  63  7:31  Marine  
  63  7:33  Marine  
  52  7:40  Marine  
  47  7:49  SCV  
  42  7:53  SCV  
  42  7:58  Marine  
  44  8:01  SCV  
  44  8:05  SCV, Marine  
  46  8:08  Marine  
  46  8:09  Marine  
  49  8:13  SCV  
  49  8:17  Orbital Command, Marine  
  49  8:19  SCV  
  52  8:23  Marine  
  52  8:26  SCV, Marine  
  55  8:28  Marine  
  55  8:32  Widow Mine  
  55  8:33  SCV  
  59  8:37  Widow Mine  
  63  8:44  Marine  
Show
View Real Time Build Order
Export as new Build Order

NightMare Protoss - Winner!

Build Orders: 1 Gate Expand, Blink Stalkers 

Get SALT Encoding   

  12  0:00  Probe  
  13  0:12  Probe  
  14  0:18  Pylon  
  14  0:24  Probe  
  15  0:36  Probe (Chrono Boost)  
  15  0:39  Gateway  
  16  0:46  Probe (Chrono Boost)  
  16  0:49  Assimilator  
  17  0:51  Probe (Chrono Boost)  
  18  1:03  Probe  
  19  1:15  Probe  
  20  1:26  Cybernetics Core  
  20  1:27  Probe  
  23  1:39  Nexus  
  21  1:46  Pylon  
  21  1:49  Probe  
  22  1:56  Assimilator  
  22  2:01  Probe  
  23  2:02  Adept (Chrono Boost)  
  23  2:06  Warp Gate  
  25  2:13  Probe  
  26  2:22  Stalker (Chrono Boost)  
  26  2:25  Probe  
  28  2:35  Twilight Council  
  28  2:37  Probe  
  29  2:44  Stalker  
  29  2:51  Probe x2  
  33  3:03  Probe x2  
  33  3:04  Blink (Chrono Boost)  
  35  3:06  Gateway  
  35  3:15  Probe x2  
  37  3:20  Stalker  
  39  3:27  Probe  
  39  3:28  Probe  
  41  3:40  Probe x2  
  41  3:47  Robotics Facility  
  41  3:48  Gateway  
  41  3:50  Gateway  
  41  3:55  Probe  
  41  4:01  Stalker x2  
  45  4:05  Pylon  
  45  4:08  Pylon  
  45  4:09  Probe  
  45  4:11  Probe  
  46  4:24  Probe x2  
  46  4:27  Stalker x2  
  46  4:30  Assimilator  
  52  4:32  Assimilator  
  52  4:33  Pylon  
  52  4:35  Observer  
  52  4:36  Probe  
  52  4:37  Probe  
  55  4:45  Stalker  
  55  4:47  Pylon  
  55  4:48  Stalker  
  59  4:53  Probe x2  
  61  5:05  Probe x2  
  61  5:06  Charge, Gateway  
  63  5:07  Gateway  
  63  5:18  Observer  
  64  5:24  Observer  
  64  5:28  Nexus  
  64  5:29  Pylon  
  64  5:32  Gateway  
  64  5:34  Templar Archives  
  65  5:35  Probe  
  65  5:37  Probe  
  65  5:41  Warp Prism (Chrono Boost)  
  66  5:48  Probe  
  66  5:49  Pylon  
  69  5:56  Psionic Storm  
  69  5:58  Probe  
  69  6:00  Probe  
  71  6:09  Zealot x4  
  79  6:12  Pylon  
  79  6:18  Probe x2  
  81  6:29  Stalker x3  
  81  6:32  Probe x2  
  87  6:42  High Templar  
  87  6:45  High Templar  
  87  6:46  High Templar  
  93  6:53  Zealot x4  
  101  6:57  Pylon x2  
  97  7:11  Probe x2  
  97  7:12  Probe  
  97  7:14  Zealot x5  
  106  7:21  Zealot x2  
  103  7:23  Probe  
  103  7:24  Probe x2  
  104  7:35  Stalker x4  
  108  7:37  Probe x2  
  106  7:52  Probe  
  106  7:53  Probe x2  
  109  8:01  Forge, Observer (Chrono Boost), Robotics Bay  
  109  8:04  Nexus  
  109  8:05  Pylon  
  110  8:12  Zealot x5, Observer (Chrono Boost)  
  121  8:20  Zealot x2, Pylon  
  121  8:24  Probe  
  121  8:25  Probe x2  
  128  8:30  Pylon  
  128  8:31  Pylon  
  128  8:33  High Templar x2, Pylon  
  132  8:35  High Templar  
  131  8:54  Zealot x4  
  131  9:00  Gateway  
  125  9:02  Gateway  
Tags
 
Add a new tag
Caveats
  • Supply blocks, unpowered buildings, or Contaminate may cause inaccurate times.
  • Supply counts are checked every 10 seconds.